 Dungeon Crawl Stone Soup version 0.21-a0-442-g848f44b (webtiles) character file.

806 theanonym the Cleaver (level 8, -6/58 HPs)
             Began as a Formicid Abyssal Knight on Nov 16, 2017.
             Was a Priest of Lugonu.
             Mangled by an ogre
             ... wielding a +0 giant spiked club
              (12 damage)
             ... on level 4 of the Dungeon.
             The game lasted 00:15:11 (5518 turns).

theanonym the Cleaver (Formicid Abyssal Knight)     Turns: 5518, Time: 00:15:12

Health: -6/58      AC:  8    Str: 18    XL:     8   Next: 14%
Magic:  6/9        EV:  7    Int: 13    God:    Lugonu [***...]
Gold:   185        SH:  4    Dex: 10    Spells: 7/7 levels left

rFire    . . .     SeeInvis +   a - +0 war axe
rCold    + . .     Gourm    .   o - +0 buckler
rNeg     . . .     Faith    .   v - +0 chain mail
rPois    .         Spirit   .   (helmet unavailable)
rElec    .         Reflect  .   (no cloak)
rCorr    .         Harm     .   (no gloves)
MR       +....                  (no boots)
Stlth    ..........             (no amulet)
HPRegen  0.19/turn              p - ring of protection from magic {MR+}
MPRegen  0.11/turn              m - ring of protection from cold {rC+}

@: no status effects
A: permanent stasis, dig shafts and tunnels, four strong arms, antennae 3
a: Dig, Shaft Self, Depart the Abyss, Bend Space, Banish, Renounce Religion


Innate Abilities, Weirdness & Mutations

You cannot be hasted, slowed, berserked, paralysed or teleported.
You can dig through walls and to a lower floor.
Your four strong arms can wield two-handed weapons with a shield.
You have a pair of large antennae on your head. (SInv)


   Skills:
 - Level 3.2 Fighting
 * Level 8.4 Axes
 - Level 2.1 Armour
 - Level 0.8 Dodging
 - Level 2.4 Shields
 + Level 2.5 Invocations


You had 7 spell levels left.
You didn't know any spells.

Skill      XL: |  1  2  3  4  5  6  7 |
---------------+----------------------+-----
Axes           | 3 4 5 6 8 |  8.4
Shields        | 1 2 |  2.4
Fighting       | |  3.2
Armour         | |  2.1
Dodging        | |  0.8
Invocations    | |  2.5

Action                   |  1- 3 |  4- 6 |  7- 9 || total
-------------------------+-------+-------+-------++-------
Melee: Hand axe          |    98 |   262 |   152 ||   512
       War axe           |       |       |     3 ||     3
 Fire: Blowgun           |       |       |    12 ||    12
Throw: Javelin           |       |     3 |     3 ||     6
Invok: Bend Space        |       |     2 |    11 ||    13
       Banish            |       |     1 |       ||     1
 Abil: Dig               |       |     3 |     3 ||     6
  Use: Scroll            |       |    11 |     3 ||    14
       Potion            |       |     2 |     1 ||     3
  Eat: Chunk             |     2 |     4 |     1 ||     7
       Bread ration      |       |     1 |       ||     1
       Fruit             |       |       |     3 ||     3
       Royal jelly       |       |       |     1 ||     1
Armor: Leather armour    |    24 |       |       ||    24
       Scale mail        |     5 |    23 |       ||    28
       Chain mail        |       |   145 |    53 ||   198
Dodge: Dodged            |    65 |   112 |    35 ||   212
Block: Buckler           |     3 |    54 |    19 ||    76

Inventory:

Hand Weapons
 a - a +0 war axe (weapon)
   (You took it off an orc on level 4 of the Dungeon)
 b - a +0 blowgun
   (You took it off a kobold on level 3 of the Dungeon)
 i - a +1 hand axe
Missiles
 C - 12 poisoned needles
Armour
 o - a +0 buckler (worn)
   (You found it on level 2 of the Dungeon)
 v - a +0 chain mail (worn)
   (You found it on level 3 of the Dungeon)
Jewellery
 d - an uncursed ring of magical power {MP+9}
   (You found it on level 1 of the Dungeon)
 l - an uncursed ring of stealth {unknown}
   (You found it on level 4 of the Dungeon)
 m - a ring of protection from cold (right hand) {rC+}
   (You found it on level 1 of the Dungeon)
 p - a ring of protection from magic (left hand) {MR+}
   (You found it on level 1 of the Dungeon)
Scrolls
 e - a scroll of enchant armour {unknown}
 f - 2 scrolls of fog {!r}
 h - a scroll of amnesia {unknown}
 j - a scroll of remove curse
 n - 2 scrolls of enchant weapon {unknown}
 r - 2 scrolls of identify
 y - a scroll of magic mapping {!r}
 z - a scroll of recharging {unknown}
 A - a scroll of blinking {unknown}
Potions
 u - a potion of berserk rage
 w - 3 potions of curing
 x - 2 potions of flight
Comestibles
 c - 3 bread rations
 k - 2 meat rations

Dungeon Overview and Level Annotations

Branches:
Dungeon (4/15)
 Temple: D:4-7

Altars:
Fedhas
Gozag
Zin


You were on level 4 of the Dungeon.
You worshipped Lugonu.
Lugonu was most pleased with you.
You were not hungry.

You visited 1 branch of the dungeon, and saw 4 of its levels.
You visited the Abyss 1 time.
You also visited: Sewer.

You collected 185 gold pieces.


Message History

There is a stone staircase leading down here.
You climb downwards.
There is a stone staircase leading up here.
The frilled lizard hisses angrily.
You sense a monster nearby.
The frilled lizard hisses angrily. x2
You sense a monster nearby.
An ogre is nearby!
You aren't carrying any items that you can evoke.
Okay, then.
Unknown command.
Okay, then.
Unknown command.
Unknown command.
Unknown command.
Wield which item (- for none, * to show all)? (? for menu, Esc to quit)
i - a +0 war axe (weapon)
Adjust (i)tems, (s)pells, or (a)bilities?
Adjust which item? (? for menu, Esc to quit)
i - a +0 war axe (weapon)
Adjust to which letter? (? for menu, Esc to quit)
a - a +0 war axe (weapon);
i - a +1 hand axe Wield which item (- for none, * to show all)? (? for menu, Esc to quit)
b - a +0 blowgun (weapon)
Aim: an ogre, wielding a giant spiked club You shoot a poisoned needle.
The poisoned needle completely misses the ogre.
Aim: an ogre, wielding a giant spiked club You shoot a poisoned needle.
The poisoned needle hits the ogre.
The ogre is poisoned.
Aim: an ogre, wielding a giant spiked club (lightly wounded, poisoned)
You shoot a poisoned needle.
The poisoned needle barely misses the ogre.
Space bends around you!
You blink.
The frilled lizard hisses angrily.
You take 1 damage, and have 57/58 hp.
You now have 8/9 mp.
Aim: an ogre, wielding a giant spiked club (translocational energy, poisoned)
You shoot a poisoned needle.
The poisoned needle barely misses the ogre.
The frilled lizard bites the fungus but does no damage.
Aim: an ogre, wielding a giant spiked club (lightly wounded, poisoned)
You shoot a poisoned needle. The poisoned needle hits the ogre.
The frilled lizard bites the fungus.
Space bends around you!
You blink.
You take 2 damage, and have 55/58 hp.
You now have 7/9 mp.
Aim: an ogre, wielding a giant spiked club (translocational energy, lightly wounded, poisoned)
You shoot a poisoned needle. The poisoned needle hits the ogre.
The ogre looks even sicker.
Aim: an ogre, wielding a giant spiked club (lightly wounded, poisoned)
You shoot a poisoned needle.
The poisoned needle completely misses the ogre.
Space bends around you!
You blink.
The ogre hits you with a giant spiked club!
You take 14 damage, and have 42/58 hp.
MASSIVE DAMAGE!!
You now have 6/9 mp.
You see here a poisoned needle.
You see here a poisoned needle.
You see here a poisoned needle.
You see here a poisoned needle.
Space bends around you!
You blink.
You take 2 damage, and have 41/58 hp.
You now have 6/9 mp.
Space bends around you!
You blink.
The ogre looks more healthy.
The ogre closely misses you.
You take 2 damage, and have 39/58 hp.
You now have 5/9 mp.
Space bends around you!
You blink.
You take 2 damage, and have 38/58 hp.
Aim: an ogre, wielding a giant spiked club (heavily wounded)
You shoot a poisoned needle. The poisoned needle hits the ogre.
The ogre is poisoned.
Aim: an ogre, wielding a giant spiked club (translocational energy, heavily wounded, poisoned)
You shoot a poisoned needle. The poisoned needle hits the ogre.
The ogre looks even sicker.
There is a stone staircase leading up here.
Aim: an ogre, wielding a giant spiked club (heavily wounded, poisoned)
You shoot a poisoned needle.
The poisoned needle barely misses the ogre.
Items here: )) / = ? [[
Aim: an ogre, wielding a giant spiked club (heavily wounded, poisoned)
You shoot a poisoned needle. The poisoned needle hits the ogre.
The ogre looks even sicker.
Things that are here:
a robe; a dagger You see here a whip.
Aim: an ogre, wielding a giant spiked club (almost dead, poisoned)
You shoot a poisoned needle. The poisoned needle hits the ogre.
The ogre looks even sicker.
You see here an orc corpse.
a - a +0 war axe (weapon)
The ogre hits you with a giant spiked club!!
* * * LOW HITPOINT WARNING * * *
You take 25 damage, and have 16/58 hp.
MASSIVE DAMAGE!!
You barely miss the ogre.
Your chain mail prevents you from hitting the ogre.
The ogre completely misses you. Space bends around you!
You blink.
The ogre hits you with a giant spiked club!
* * * LOW HITPOINT WARNING * * *
You take 10 damage, and have 6/58 hp.
You now have 6/9 mp.
You hit the ogre.
The ogre hits you with a giant spiked club!
You die...

#.#
#.#####...........
#§#
#.#.....####..####
#.# #.#.##### #..#
#(# #.#.# #... #.#
#.#.######## #O#
#.(......... #.#
#.#)######## #.#
#.#.#
##.###@#.#########
#...§O)........[.####
#.#.####.####.##=.#.#
#.#.# #.# #.##<#[##
#...# #.# #.##.###
######.# ##.# #.##(#
#......# #..# #.##.#
#.####.# #.## #.##.#
# #.####.###.# #.##.#
#


You could see an ogre.

Notes
Turn   | Place    | Note
-------+----------+-------------------------------------------
     0 | Abyss:1  | theanonym the Formicid Abyssal Knight began the quest for the Orb.
     0 | Abyss:1  | Reached XP level 1. HP: 18/18 MP: 2/2
    36 | D:1      | Escaped the Abyss
   325 | D:1      | HP: 9/18 [kobold/dagger (3)]
   329 | D:1      | Reached XP level 2. HP: 9/24 MP: 3/3
   672 | D:1      | Reached skill level 3 in Axes
   838 | D:1      | Reached XP level 3. HP: 22/29 MP: 4/4
  1011 | D:1      | Reached ** piety under Lugonu
  1468 | D:2      | Reached skill level 1 in Shields
  1468 | D:2      | Reached XP level 4. HP: 32/35 MP: 5/5
  1555 | D:2      | Found an opulent altar of Gozag.
  1556 | D:2      | Found a glowing silver altar of Zin.
  1628 | D:2      | Reached skill level 2 in Shields
  2081 | D:3      | HP: 13/35 [worm (6)]
  2090 | D:3      | HP: 12/35 [rat (2)]
  2307 | D:3      | Reached skill level 4 in Axes
  2307 | D:3      | Reached XP level 5. HP: 35/41 MP: 6/6
  2353 | D:3      | Found a glowing drain.
  2364 | Sewer    | Entered a sewer
  2466 | Sewer    | Reached *** piety under Lugonu
  2529 | Sewer    | Noticed kae's ghost (amateur DrTm)
  2536 | Sewer    | Banished kae's ghost
  2610 | Sewer    | Noticed Purgy
  2637 | Sewer    | HP: 20/41 [Purgy (2)]
  2645 | Sewer    | HP: 17/41 [Purgy (4)]
  2657 | D:3      | HP: 19/41 [Purgy (6)]
  2662 | D:3      | HP: 18/41 [Purgy (2)]
  2896 | D:3      | Reached skill level 5 in Axes
  3047 | D:3      | Reached XP level 6. HP: 32/47 MP: 7/7
  3174 | D:3      | Killed Purgy
  3331 | D:3      | Reached skill level 6 in Axes
  3713 | D:3      | Noticed Ijyb
  3731 | D:3      | Killed Ijyb
  3731 | D:3      | Reached XP level 7. HP: 51/52 MP: 8/8
  4253 | D:4      | Reached skill level 7 in Axes
  4302 | D:4      | HP: 21/52 [orc wizard/puff of flame (6)]
  4309 | D:4      | HP: 18/52 [poisoned by a worker ant]
  4766 | D:4      | Found a blossoming altar of Fedhas.
  4817 | D:4      | Reached skill level 8 in Axes
  4817 | D:4      | Reached XP level 8. HP: 50/58 MP: 9/9
  4991 | D:4      | HP: 17/58 [ogre/giant club (20)]
  5001 | D:4      | HP: 4/58 [orc priest/divine providence (13)]
  5514 | D:4      | HP: 16/58 [ogre/giant spiked club (26)]
  5517 | D:4      | HP: 6/58 [ogre/giant spiked club (8)]
  5518 | D:4      | Mangled by an ogre

Vanquished Creatures
  Purgy (D:3)
  2 bullfrogs (D:4)
  A hound (D:4)
  3 orc priests (D:4)
  A centaur skeleton (D:4)
  An iguana (D:4)
  5 orc wizards
  A worker ant (D:4)
  Ijyb (D:3)
  7 adders
  An ooze (D:2)
  An adder skeleton (D:4)
  2 worms (D:3)
  2 dart slugs
  3 leopard geckos
  12 orcs
  11 giant cockroaches
  7 goblins
  8 hobgoblins
  7 kobolds
  2 quokkas (D:3)
  3 ball pythons
  12 bats
  10 frilled lizards
  11 rats
115 creatures vanquished.

Vanquished Creatures (others)
  The ghost of kae the Ruffian, an amateur DrTm of Okawaru (Sewer)
  6 fungi (D:4)
7 creatures vanquished.

Grand Total: 122 creatures vanquished
